[Event "MPL 41st IND-ch Teams 2022"]
[Site "Jalgaon"]
[Date "2022.04.10"]
[Round "4.2"]
[White "Sa, Kannan"]
[Black "Harsha Bharathakoti"]
[Result "0-1"]
[ECO "A46"]
[WhiteElo "1930"]
[BlackElo "2499"]
[Annotator "TA"]
[PlyCount "126"]
[EventDate "2022.04.08"]
[EventType "team-tourn"]
[EventCountry "IND"]
[SourceTitle "playchess.com"]
[Source "ChessBase"]
[SourceQuality "1"]
[TimeControl "5400+30"]

1. d4 Nf6 2. Nf3 e6 3. Bg5 c5 4. e3 h6 5. Bh4 d5 6. c3 {D03: 1 d4 d5 2 Nf3 Nf6 3 Bg5, including Torre Attack with early ...d5.} Nbd7 7. Nbd2 Bd6 8. Qc2 {White has an edge.} Qc7 {[#]} 9. e4 $146 {Hoping for e5.} ({Predecessor:} 9. dxc5 Qxc5 10. Nb3 Qc7 11. Bg3 Bxg3 12. hxg3 b6 13. Nbd4 e5 14. Nb5 Qc6 15. Be2 {0-1 (38) Isgro,T-Tucker,H CServe email 1995}) 9... cxd4 10. Nxd4 Bc5 (10... Bxh2 $2 11. Nb5 Qb8 12. Rxh2 $1 $18 (12. g3 g5 $16)) (10... a6 $15) 11. Bg3 Qb6 (11... e5 $5 12. N4f3 dxe4 13. Nxe4 O-O $11) 12. Nb5 O-O 13. b4 $1 Be7 14. Nc7 (14. a4 $5 e5 15. exd5 Nxd5 16. O-O-O $14) 14... Rb8 15. a4 Bd6 16. Nb5 Bxg3 17. hxg3 Ng4 (17... a6 $5 18. a5 Qd8 $15) 18. Nb3 (18. Nd4 $11 {deserves consideration.}) 18... a6 19. a5 Qd8 20. N5d4 ({White should play} 20. Na3 $1 $15) 20... e5 $1 $17 21. Nf3 dxe4 22. Qxe4 (22. Nh2 $142 Nxh2 23. Rxh2) 22... Ndf6 $19 23. Qc2 {[#]} Qc7 (23... e4 $1 $19 {[%cal Re4e3] is more deadly. Strongly threatening ...e3.} 24. Nh2 e3 25. Nxg4 Nxg4) 24. Nc5 {[#]} (24. Be2 $17) 24... e4 $1 25. Nd4 e3 26. f4 Nf2 27. Rh4 {[#]} N2e4 $1 28. Nxe4 Nxe4 29. Rc1 $2 (29. Bd3 {is a better defense.} Nxg3 30. O-O-O) 29... Nxg3 30. Bd3 Re8 31. Ne2 {[#]} Qe7 $1 32. Rh2 {[#]} Qf6 $1 33. Nxg3 Qxf4 34. Nf1 e2 $1 $40 {[%mdl 192] Deflection. Black wants a kill. Chess con chili.} (34... Bg4 35. g3 Qf6 36. Be2 $11) 35. Bxe2 {[#]} Rxe2+ $1 36. Qxe2 (36. Kxe2 Bg4+ 37. Ke1 Re8+) 36... Qxc1+ 37. Kf2 Be6 38. Qd2 Qa1 {&Nero is more active.} ({Better is} 38... Qxd2+ 39. Nxd2 Rc8) 39. g4 $2 {[%mdl 8192] White does not recover from this.} (39. Ng3 $17) 39... Rc8 ({Inferior is} 39... Bxg4 40. Qf4 Rc8 41. Qxg4 Qxc3 42. Rh3 (42. Kg1 Rc4 $15) 42... Qb2+ 43. Kg1 $11) 40. Rh3 Bxg4 41. Rg3 h5 42. Nh2 Bf5 43. Qd4 Qa2+ ({Don't go for} 43... Qb2+ $2 44. Kg1 g6 45. Nf1 $19) 44. Kg1 Bg6 45. Nf3 Qa1+ 46. Kh2 Qxc3 (46... Rxc3 {is a self mate.} 47. Qd8+ Kh7 48. Ng5+ Kh6 49. Qh8+) 47. Qd5 Qc2+ 48. Nd2 Qc7 49. Nf3 Qf4 {( -> ...Rc2+)} 50. Qe5 Rc2+ 51. Kg1 Qxe5 52. Nxe5 {[%mdl 4096] Endgame KRB-KRN} Rb2 53. Rc3 Rxb4 54. Rc8+ Kh7 {...f6 is the strong threat.} 55. Kf2 f6 56. Nc4 h4 {[%cal Bh5h4,Bh4h3,Bh3h2][%mdl 32] Threatens to win with ...Be4.} 57. Rc7 Be4 {White must now prevent ...Bc6.} 58. Kg1 Rb1+ {Black mates.} 59. Kf2 Rc1 60. Rc8 h3 61. Kg3 Rc3+ 62. Kh2 Rc2+ 63. Kg3 h2 {Weighted Error Value: White=0.51/Black=0.17 (very precise)} 0-1

[Event "MPL 41st IND-ch Teams 2022"]
[Site "Jalgaon"]
[Date "2022.04.10"]
[Round "4.3"]
[White "Sankalp Gupta"]
[Black "Anup Shankar R"]
[Result "1-0"]
[ECO "C41"]
[WhiteElo "2536"]
[BlackElo "1862"]
[Annotator "TA"]
[PlyCount "97"]
[EventDate "2022.04.08"]
[EventType "team-tourn"]
[EventCountry "IND"]
[SourceTitle "playchess.com"]
[Source "ChessBase"]
[SourceQuality "1"]
[TimeControl "5400+30"]

1. e4 d6 2. d4 Nf6 3. Nc3 e5 4. Nf3 Nbd7 5. Bc4 Be7 6. O-O O-O 7. h3 {[%emt 0:02:22] 7.a4 is the modern continuation.} exd4 {[%emt 0:00:06] C41: Philidor Defence.} 8. Qxd4 Nb6 9. Be2 Nfd7 {[%emt 0:12:21] The position is equal.} 10. Be3 {[%emt 0:05:19] [#]} c6 $146 ({Predecessor:} 10... Bf6 11. Qd3 Re8 12. Rfe1 Nc5 13. Bxc5 dxc5 14. Qb5 Bxc3 15. bxc3 Qe7 16. Bf1 Bd7 17. Qd3 Rad8 18. Qe3 Ba4 19. Rac1 {½-½ (19) Acs,P (2586)-Popovic,D (2583) Hungary 2013}) 11. Rad1 Nc5 12. Qd2 Ne6 13. Nh2 Nc7 14. a4 Be6 15. Qc1 f5 16. a5 Nd7 (16... Nc4 $11) 17. Bf4 (17. Nf3 $5 ) 17... Ne8 (17... Nc5 $14) 18. a6 b6 19. Nf3 $1 $36 {[%emt 0:00:22][%mdl 2048] Black must now prevent Nd4. Keeping Black busy.} fxe4 $2 {[%emt 0:12:54] [#]} (19... Qc8 $16) 20. Nd4 $1 $18 (20. Nxe4 Nc5 21. Neg5 Bxg5 22. Nxg5 h6 $16) 20... Nc5 21. b4 ({Less strong is} 21. Nxc6 Qd7 $18) 21... Bd7 22. bxc5 bxc5 23. Nb3 d5 {[%emt 0:02:35] [#]} 24. Nxe4 $1 dxe4 25. Bg4 Nf6 {[%emt 0:00:02] [#]} 26. Rxd7 $1 Nxd7 27. Rd1 Rxf4 28. Qxf4 Qf8 29. Qxe4 Nf6 30. Be6+ Kh8 31. Qxc6 Rb8 {[%emt 0:01:28] [#]} 32. Bc4 $1 Qc8 33. Na5 Bd8 {[%emt 0:02:36] [#]} 34. Be6 $1 Qc7 $16 35. Qxc7 {[%emt 0:04:21] 0x0.00215b8e49aadp-1022s more active pieces.} Bxc7 36. Nb7 Re8 37. Bc4 ({Don't do} 37. Nxc5 $6 Bb6 $14) 37... Bb6 $2 {[%emt 0:03:54][%mdl 8192] Loses the game.} (37... Re4 $16 {was necessary.}) 38. Nd6 $18 Rb8 39. Re1 h6 40. Re7 {[%emt 0:00:45] White is clearly winning.} Kh7 41. Nf5 Nh5 (41... Ne8 $142 42. Bb5 Kg6 43. Nh4+ (43. Bxe8+ Kxf5 44. Bh5 Kg5 $16) 43... Kf6) 42. g4 Kg6 43. Bf7+ Kf6 44. Bxh5 g6 {[%emt 0:00:21] [#]} 45. Bxg6 Kxg6 46. Re6+ Kg5 47. Nxh6 c4 48. Kg2 {[%emt 0:00:36] Intending Nf7+ and mate.} Kf4 49. f3 {[%emt 0:01:11] Weighted Error Value: White=0.15 (very precise) /Black=0.38} 1-0

[Event "MPL 41st IND-ch Teams 2022"]
[Site "Jalgaon"]
[Date "2022.04.10"]
[Round "4.4"]
[White "Vignesh B"]
[Black "Raja Rithvik R"]
[Result "0-1"]
[ECO "C60"]
[WhiteElo "2249"]
[BlackElo "2490"]
[Annotator "TA"]
[PlyCount "129"]
[EventDate "2022.04.08"]
[EventType "team-tourn"]
[EventCountry "IND"]
[SourceTitle "playchess.com"]
[Source "ChessBase"]
[SourceQuality "1"]
[TimeControl "5400+30"]

1. e4 e5 2. Nf3 Nc6 3. Bb5 Nge7 4. d4 exd4 5. Nxd4 g6 6. Nxc6 {[%emt 0:00:08] C60: Ruy Lopez: Unusual Black 3rd moves and 3...g6.} Nxc6 {[#]} (6... dxc6 7. Qxd8+ Kxd8 8. Bc4 $14) 7. h4 $146 ({Predecessor:} 7. Nc3 Bg7 8. Be3 a6 9. Be2 O-O 10. Qd2 d6 11. O-O Re8 12. Bh6 Bh8 13. f4 Nd4 {1-0 (73) Krzywda,A (2110)-Diermair,A (2490) Katowice 2021}) 7... Bg7 (7... h5 $11) 8. Bg5 $16 {[%emt 0:03:39] White is better.} Ne7 9. Nc3 h6 10. Be3 a6 {[%emt 0:03:32] [#]} (10... Nc6 $142) 11. Bd4 $1 f6 (11... Kf8 12. Bc4) 12. Bc4 b5 13. Bb3 Bb7 14. Qf3 (14. a4 $18) 14... Qc8 {[%emt 0:13:33] White must now prevent ...c5.} 15. Nd5 (15. Bxf6 $6 Rf8 16. Bxg7 Rxf3 17. gxf3 c5 $11) 15... Nxd5 16. exd5 O-O 17. O-O-O a5 (17... d6 $16) 18. c3 $18 f5 (18... d6 $142 19. Bc2 f5) 19. Rhe1 a4 20. Bc2 Qd8 21. g4 (21. Bxg7 $18 Kxg7 22. h5) 21... Qxh4 22. Bxg7 (22. gxf5 $16 {aiming for Rg1.} Bxd4 23. Rxd4 Qg5+ 24. Kb1) 22... fxg4 $11 23. Qd3 Qg5+ 24. Kb1 Kxg7 25. Qxb5 Rab8 (25... Bc8 $11) 26. Qxd7+ ({Only move:} 26. Qxa4 $18 h5 27. d6 (27. Qxd7+ Rf7 $16)) 26... Rf7 $16 27. Qxa4 Bc8 28. Re8 Qf6 29. Qa7 $36 {[%emt 0:04:34][%mdl 2048] White has the initiative.} Rb7 30. Qa8 Qb6 {[%emt 0:00:04][%csl Gb7][%cal Rb6b2] Chess con chili.} 31. b3 Rb8 32. Qa4 Qxf2 $2 {[%emt 0:01:15][%mdl 8192] [#]} (32... h5 $1 $11) 33. Rxc8 $1 $18 Rxc8 34. Qxg4 Rf5 {[%emt 0:01:19] [#]} 35. Rg1 $2 (35. Bxf5 Qxf5+ 36. Qxf5 gxf5 $16) (35. d6 $1 $18) 35... Rg5 $11 36. Qxc8 (36. Qd7+ $2 Qf7 37. Qxf7+ Kxf7 38. Rf1+ Kg7 $19) 36... Rxg1+ {[%emt 0:00:45][%mdl 4096] Endgame KQR-KQB} 37. Kb2 Qf4 38. b4 (38. Qd7+ Qf7 39. Qa4 Rg5 40. Qd4+ Qf6 $17) 38... Rg2 {[%emt 0:01:06] Strongly threatening ...h5.} 39. Qd7+ Qf7 40. Qc6 (40. Qxf7+ $1 $11 Kxf7 41. a4) 40... Rd2 $2 ({Black should try} 40... h5 $19 41. d6 Qf2 42. Qd7+ (42. Qxc7+ $2 Kh6 $19) 42... Kh6) 41. a4 $2 (41. Qc4 $1 $11) 41... h5 $19 (41... Rxd5 42. a5 $11) 42. a5 $2 (42. Qc5 $17 {was the only chance.}) 42... Qf5 43. Qa4 {[%emt 0:00:38] [#]} ({Don't go for} 43. Qxc7+ $2 Kh6 44. Ka3 Rxc2 $19) 43... h4 $1 {[%emt 0:01:36] Hoping for ...h3.} (43... Qxd5 44. a6 $14) 44. a6 $2 (44. b5 h3 45. b6 cxb6 46. axb6 Qxd5 47. Qe8) 44... h3 ({Not} 44... Qxd5 45. a7 Qa8 46. Kc1 $11) 45. a7 h2 46. a8=Q {[%emt 0:02:01][%cal Od5d6] And now d6! would win.} h1=Q {[%emt 0:00:02] ( -> ...Qhe4)} 47. Qd8 Qh2 48. Qdd7+ Qxd7 49. Qxd7+ {KQR-KQB} Kh6 50. Qa4 Qe5 51. Qa8 (51. Qa1 $142 Qxd5 52. Qe1) 51... Qf5 52. Qa4 Qxd5 53. Kc1 Rf2 (53... Re2 $142 54. Kb1 Qd2 55. Qb3 g5 56. b5 Re1+ 57. Ka2 Qc1 58. Qb2 g4 59. Bb3 g3 60. Qxc1+ Rxc1 61. Bd5 Rxc3 62. Bh1 Rc5 63. Kb3 Rxb5+ 64. Kc2 Kg5 65. Bg2 Rf5 66. Bb7 Rf2+ 67. Kc3 g2 68. Bxg2 Rxg2 69. Kc4 Kf4 70. Kd5 Rg6 71. Kc4 Ke4 72. Kc5 Rd6 73. Kc4 Ke3 74. Kc3 Rd4 75. Kc2 Rc4+ 76. Kb3 Kd3 77. Kb2 Rb4+ 78. Ka3 c5 79. Ka2 Kc2 80. Ka3 Rd4 81. Ka2 Ra4#) 54. b5 Qd2+ 55. Kb2 Rh2 (55... Re2 $142 56. Qh4+ Kg7) 56. Qe4 Qd6 57. Qe3+ Kg7 58. Qe4 Rh5 59. Bd3 Re5 60. Qc4 Rd5 61. Kc2 Rc5 62. Qg4 Rd5 $2 ({Better is} 62... Rh5 $19 {...Rh2+ is the strong threat.} 63. Qe4 Re5) 63. Qe4 $2 (63. Qc4 $1 $11 Re5 64. Be4) 63... Rh5 $2 (63... Rf5 $19 {Threatens to win with ...Rf2+.} 64. Qe2 Rh5) 64. Qc4 $2 (64. Kb2 $1 $11 {and White is okay.} Rf5 65. Qe2) 64... Rh2+ 65. Kb3 {[%emt 0:00:32] Both players deserved the win here.  Weighted Error Value: White=0.85/Black=0.68} 0-1

[Event "MPL 41st IND-ch Teams 2022"]
[Site "Jalgaon"]
[Date "2022.04.10"]
[Round "4.5"]
[White "Potawad Anirudhha"]
[Black "Vignesh N R"]
[Result "0-1"]
[ECO "B90"]
[WhiteElo "1875"]
[BlackElo "2444"]
[Annotator "TA"]
[PlyCount "100"]
[EventDate "2022.04.08"]
[EventType "team-tourn"]
[EventCountry "IND"]
[SourceTitle "playchess.com"]
[Source "ChessBase"]
[SourceQuality "1"]
[TimeControl "5400+30"]

1. e4 c5 2. Nf3 d6 3. d4 cxd4 4. Nxd4 Nf6 5. Nc3 a6 6. Be3 e5 7. Nb3 Be7 8. Be2 Be6 9. O-O Nbd7 10. f4 exf4 11. Bxf4 O-O 12. Kh1 Ne5 13. Nd4 Rc8 14. Qe1 {[%emt 0:11:01] B92: Sicilian Najdorf: 6 Be2.} Qb6 15. Nxe6 fxe6 16. Rb1 {[%emt 0:00:04] Black is slightly better.} Nfd7 {[%emt 0:14:42] [#] Pair of Knights!} 17. Qg3 $146 ({Predecessor:} 17. Bd3 Nxd3 18. cxd3 Qd4 19. Qd2 Nc5 20. Rfd1 Qxd3 21. Qe1 Qc4 22. Bxd6 Bxd6 23. Rxd6 {½-½ (39) Piscitelli,A-Reis,C Brazil CXEB 1980}) 17... Bf6 18. h4 Qd8 19. Bg5 (19. h5 $15) 19... Bxg5 $17 20. hxg5 Qe7 21. Qe3 g6 22. Rfd1 Nf7 23. Qg3 Rc5 (23... Nxg5 24. Qxd6 Qxd6 25. Rxd6 $15) 24. Rd4 (24. Qe3 $17 {keeps fighting.}) 24... Rxg5 $19 (24... Qxg5 25. Qxg5 Rxg5 26. Rb4 $17) 25. Qh3 (25. Qe3 {was forced.}) 25... Nf6 {[%emt 0:04:39] [#] Threatens to win with ...Ne5.} 26. Rf1 Re5 27. a4 Kg7 28. Qh4 Rc8 29. Rb4 Rc7 30. Rd4 (30. Kg1 {might work better.}) 30... Rc6 31. Qf2 Ng5 32. Qh4 Rc7 33. Bd1 b5 34. axb5 axb5 35. g3 Rb7 36. Rb4 Qe8 37. Be2 ({Of course not} 37. Qf4 Rf7 38. Qe3 {[#]} Ngxe4 $1 ) 37... Qc6 38. Kh2 (38. Qf4 Rf7 39. Qh4 (39. Bxb5 $2 Rxb5 40. Rxb5 Nfxe4 $19) 39... Ngxe4 40. Nxe4 Rxe4 41. Rxe4 Qxe4+ 42. Qxe4 Nxe4 43. Rxf7+ Kxf7 44. Bxb5 Nxg3+ 45. Kg1 d5 $19) 38... h5 39. Qf4 Rf7 40. Qc1 Ngxe4 41. Nxe4 Rxe4 {[%emt 0:00:47] The board is on fire.} ({But not} 41... Nxe4 $2 42. Rxf7+ Kxf7 43. Bf3 $19) 42. Rxe4 Qxe4 43. Bf3 Qf5 44. Qd2 Ne4 45. Qd4+ e5 46. Qd5 (46. Qd3) 46... Nf6 47. Qxb5 (47. Qb3 $142) 47... Qxc2+ {[%emt 0:00:25] Black is clearly winning.} 48. Kh1 (48. Kg1 $142) 48... Ne4 49. Bxe4 Qxe4+ 50. Kh2 Rb7 {[%emt 0:00:23] Weighted Error Value: White=0.62/Black=0.31} 0-1

[Event "MPL 41st IND-ch Teams 2022"]
[Site "Jalgaon"]
[Date "2022.04.10"]
[Round "4.6"]
[White "Deepan Chakkravarthy J."]
[Black "Rachit H Gurnani"]
[Result "1-0"]
[ECO "C98"]
[WhiteElo "2520"]
[BlackElo "1854"]
[Annotator "RC"]
[PlyCount "93"]
[EventDate "2022.04.08"]
[EventType "team-tourn"]
[EventCountry "IND"]
[SourceTitle "playchess.com"]
[Source "ChessBase"]
[SourceQuality "1"]
[TimeControl "5400+30"]

1. e4 e5 2. Nf3 Nc6 3. Bb5 a6 4. Ba4 Nf6 5. O-O Be7 6. Re1 b5 7. Bb3 d6 8. c3 O-O 9. h3 Na5 10. Bc2 c5 11. d4 Qc7 12. Nbd2 Nc6 13. d5 Nd8 14. a4 Rb8 15. b3 Ne8 16. Nf1 g6 17. N3h2 f6 18. f4 exf4 19. Bxf4 Nf7 20. Ra2 Ng7 21. Ng3 Ne5 22. Qe2 b4 23. cxb4 Rxb4 24. Bd2 Rb8 25. Nf3 Qa7 26. Kh2 a5 27. Nxe5 fxe5 28. Rf1 Ba6 29. Bd3 Bxd3 30. Qxd3 Bh4 31. Rxf8+ Rxf8 32. Ne2 Nh5 33. Ra1 Nf4 34. Bxf4 exf4 35. Rf1 g5 36. e5 dxe5 37. d6 Qd7 38. Qd5+ Qf7 39. Qxe5 Bg3+ 40. Kh1 Bh4 41. Ng1 Qxb3 42. Nf3 Qd3 43. Rc1 Qe3 44. Qd5+ Kh8 45. Rd1 Bg3 46. d7 g4 47. d8=Q 1-0

[Event "MPL 41st IND-ch Teams 2022"]
[Site "Jalgaon"]
[Date "2022.04.10"]
[Round "4.7"]
[White "Gengaje Pratik"]
[Black "Visakh N R"]
[Result "0-1"]
[ECO "B22"]
[WhiteElo "1744"]
[BlackElo "2522"]
[Annotator "TA"]
[PlyCount "122"]
[EventDate "2022.04.08"]
[EventType "team-tourn"]
[EventCountry "IND"]
[SourceTitle "playchess.com"]
[Source "ChessBase"]
[SourceQuality "1"]
[TimeControl "5400+30"]

1. e4 c5 2. c3 Nf6 3. e5 Nd5 4. d4 cxd4 5. Nf3 e6 6. cxd4 d6 7. Nc3 Nxc3 8. bxc3 Qc7 9. Bd2 Nd7 10. exd6 Bxd6 11. Bd3 b6 12. O-O Bb7 13. Re1 O-O 14. h3 Bf4 15. Be4 {[#] Hoping for Bxf4. B22: Sicilian: 2 c3.} Bxd2 16. Qxd2 Rac8 {White must now prevent ...Bxe4.} 17. Rac1 {The position is equal.} Rfd8 18. Bxb7 Qxb7 {[#]} 19. Ne5 $146 (19. c4 $11) ({Predecessor:} 19. c4 Qa6 20. Qc2 Nf6 21. Qb3 Rd7 22. Rc2 h6 23. Rec1 Rcd8 24. a4 Qb7 25. a5 {0-1 (45) Carli,C (2053)-Kalegin,E (2424) Verona 2019}) 19... Nf8 20. Re3 Ng6 21. Nxg6 hxg6 22. c4 Rc7 23. Rd3 Qa6 24. Rdc3 Qa5 25. Rd3 Qxd2 26. Rxd2 $15 {[%mdl 4096] Endgame KRR-KRR} Rd5 27. f4 Rf5 28. g3 g5 29. fxg5 Rxg5 30. Kf2 f6 31. Rc3 Kf7 32. Kf3 Rf5+ 33. Kg2 g5 34. Re2 Ra5 35. Kf3 Ra4 36. Rec2 Ra5 (36... Rd7 $15 37. Rd2 e5) 37. Kg2 ({White should try} 37. Re2 $11) 37... Rc8 38. g4 (38. c5 $11) 38... Rd8 $17 39. Rd2 e5 40. d5 Rc5 41. Rdc2 Rdc8 42. a4 Ra5 43. Kf3 (43. Rf3 $17) 43... Rxa4 44. c5 Rh8 (44... Rxc5 $19 45. Rxc5 bxc5 46. Rxc5 Ke7) 45. Kg2 bxc5 46. Rxc5 Kg6 {&Nero is more active.} 47. Rc6 Rd4 48. Rf2 Rf8 ({Resist} 48... Rxd5 49. Rcxf6+ Kh7 50. Rf7+ Kg8 51. R7f5 $14 (51. Rxa7 Rh7 $14)) 49. d6 Rf7 50. Ra6 Rd3 51. Rc6 Rd7 52. Ra2 Rh7 53. Rc7 $2 {This move loses the game for White.} (53. Rf2 $17 {was called for.}) 53... Rhxh3 $19 {[#] aiming for ...Rhg3+.} 54. Raxa7 $2 (54. Rd2) 54... Rhg3+ 55. Kf2 Rxg4 {Strongly threatening ...Rgd4.} 56. Rg7+ Kf5 {...Rd2+ is the strong threat.} 57. d7 Rgd4 58. Rf7 Rd6 59. Ke2 g4 60. Rg7 g3 (60... Rd2+ $142 61. Ke1 Kf4) 61. Rc7 Kf4 {Weighted Error Value: White=0.64/Black=0.33} 0-1

[Event "MPL 41st IND-ch Teams 2022"]
[Site "Jalgaon"]
[Date "2022.04.10"]
[Round "4.8"]
[White "Shyaamnikhil P"]
[Black "Mithil Anande P"]
[Result "1-0"]
[ECO "A06"]
[WhiteElo "2442"]
[BlackElo "1698"]
[Annotator "TA"]
[PlyCount "63"]
[EventDate "2022.04.08"]
[EventType "team-tourn"]
[EventCountry "IND"]
[SourceTitle "playchess.com"]
[Source "ChessBase"]
[SourceQuality "1"]
[TimeControl "5400+30"]

1. Nf3 d5 2. g3 Nf6 3. Bg2 e6 4. O-O Be7 5. d3 b5 6. Nbd2 Bb7 7. e4 c5 8. exd5 {A05: Réti Opening: 1 Nf3 Nf6.} exd5 9. Nh4 {[#]} O-O $146 ({Predecessor:} 9... Qd7 10. Re1 Nc6 11. Nb3 O-O-O 12. a4 b4 13. Bg5 Rhe8 14. Bxf6 gxf6 15. Qh5 Kb8 {0-1 (45) Krause,U (2276)-Schulz,M (2233) Verden/Aller 2014}) 10. a4 {White is slightly better.} a6 11. Nf5 Re8 12. Nxe7+ Qxe7 13. Nb3 Nbd7 14. Bd2 Nf8 15. Re1 Ne6 16. Na5 Qc7 17. axb5 axb5 18. b4 c4 19. Nxb7 Qxb7 20. Bc3 {[#] Threatens to win with Rxa8.} Rxa1 21. Qxa1 Nd7 (21... cxd3 $142 22. Bxf6 (22. cxd3 Qe7 $16) 22... gxf6) 22. dxc4 $16 bxc4 23. Qd1 Nb6 24. f4 Qd7 (24... Na4 $142 25. Bxd5 Qd7 26. Bxe6 Qxd1 27. Rxd1 Nxc3) 25. f5 Nc7 26. Rxe8+ Nxe8 27. g4 f6 $2 {[#] This costs Black the game.} (27... Na4 $16 {might work better.} 28. Be5 Nf6) 28. Qd4 $18 Qd8 29. Be1 Kh8 30. Bf2 {White is clearly winning.} Nd7 31. Qxd5 Qc7 (31... Nc7 $142 32. Qxc4 h5) 32. Qa8 {Weighted Error Value: White=0.06 (flawless) /Black=0.36} 1-0

[Event "MPL 41st IND-ch Teams 2022"]
[Site "Jalgaon"]
[Date "2022.04.11"]
[Round "5.1"]
[White "Deepan Chakkravarthy J."]
[Black "Aravindh, Chithambaram VR."]
[Result "1/2-1/2"]
[ECO "B13"]
[WhiteElo "2520"]
[BlackElo "2611"]
[Annotator "TA"]
[PlyCount "98"]
[EventDate "2022.04.08"]
[EventType "team-tourn"]
[EventCountry "IND"]
[SourceTitle "playchess.com"]
[Source "ChessBase"]
[SourceQuality "1"]
[TimeControl "5400+30"]

1. e4 c6 2. d4 d5 3. exd5 cxd5 4. h3 Nc6 5. Nf3 Bf5 6. Bd3 {[%emt 0:00:17] B13: Caro-Kann: Exchange Variation and Panov-Botvinnik Attack.} Bxd3 7. Qxd3 e6 8. Bf4 Nge7 9. O-O Ng6 10. Bg3 {[%emt 0:07:26] [#]} Bd6 $146 ({Predecessor:} 10... Rc8 11. c3 Bd6 12. Bxd6 Qxd6 13. Re1 O-O 14. Nbd2 f6 15. Rad1 Rcd8 16. Qb5 Nf4 {0-1 (71) Kadlec,B-Voveris,S ICCF email 2013}) 11. Bxd6 Qxd6 12. Re1 O-O 13. Nc3 Rfc8 14. a3 Nce7 15. Nd1 Qb6 16. g3 Nf5 17. h4 h6 18. c3 a5 19. Rc1 Qa6 20. Qxa6 Rxa6 21. h5 Nf8 22. g4 Nd6 23. Ne5 b5 24. Nd3 {[%emt 0:02:35] Prevents b4.} Nd7 25. Ne3 Rb6 26. Kg2 Nc4 27. Rcd1 Nb8 28. Re2 Na6 29. Nc2 Rbc6 30. b4 (30. Ra1 $142) 30... Nc7 31. Nc5 Ne8 32. Ra1 Ned6 33. bxa5 {[%emt 0:07:45] The position is equal.} Nxa5 34. Nb4 Rb6 35. a4 Ndb7 36. axb5 Rxb5 37. Nbd3 Nxc5 38. Nxc5 Nb3 39. Nxb3 Rxb3 40. Re3 Rbxc3 41. Rxc3 Rxc3 $11 {[%emt 0:00:03][%mdl 4096] Endgame KR-KR} 42. Ra8+ Kh7 43. Ra7 Kg8 {[%emt 0:00:03] White must now prevent ...Rc4.} 44. Ra8+ $1 Kh7 {[%emt 0:00:02] [#] And now ...g6 would win.} 45. Ra7 f6 {[%emt 0:02:22] aiming for ...Rc4.} 46. Ra6 e5 (46... Rc4 $5 ) 47. Ra5 Rd3 48. Rxd5 exd4 49. Kf1 Kg8 {[%emt 0:00:47] A rather calm draw.  Weighted Error Value: White=0.04 (flawless) /Black=0.04 (flawless)} 1/2-1/2

[Event "MPL 41st IND-ch Teams 2022"]
[Site "Jalgaon"]
[Date "2022.04.11"]
[Round "5.3"]
[White "Visakh N R"]
[Black "Harsha Bharathakoti"]
[Result "1/2-1/2"]
[ECO "E10"]
[WhiteElo "2522"]
[BlackElo "2499"]
[Annotator "TA"]
[PlyCount "59"]
[EventDate "2022.04.08"]
[EventType "team-tourn"]
[EventCountry "IND"]
[SourceTitle "playchess.com"]
[Source "ChessBase"]
[SourceQuality "1"]
[TimeControl "5400+30"]

1. d4 Nf6 2. c4 e6 3. Nf3 d5 4. g3 Bb4+ 5. Bd2 Be7 6. Bg2 O-O 7. O-O c6 8. Qc2 Nbd7 9. Rd1 b6 10. Bf4 Ba6 {[%emt 0:01:33] E08: Closed Catalan: Main Line: 7 Qc2.} 11. cxd5 cxd5 12. Nc3 (12. Ne5 {keeps more tension.} Rc8 13. Nc6 Bb5 14. Nxe7+ Qxe7 15. Nc3) 12... b5 {[%emt 0:13:44] The position is equal.} 13. a4 b4 {[%emt 0:05:58] [#] And now ...Rc8 would win.} 14. Nb5 {[%emt 0:00:16] [#]} Rc8 $146 {[%emt 0:06:48] Against Qc6} ({Predecessor:} 14... Qb6 15. Qc7 Rfc8 16. Qxb6 axb6 17. Rdc1 Ne8 18. Ne1 Kf8 19. e4 Ndf6 20. exd5 Nxd5 {0-1 (38) Fominykh,M (2206)-Krysa,L (2523) Chess.com INT 2021}) 15. Qb3 Qb6 16. Bf1 Ne4 17. Nd2 g5 18. Be3 {[%emt 0:01:33] [#] Black must now prevent Nxe4.} f5 19. Nxe4 fxe4 20. Bd2 Rc4 21. e3 Rfc8 (21... Bxb5 $2 22. axb5 Rc7 23. Ra6 $18 (23. Bxb4 Bxb4 24. Qxb4 Rb7 $16)) 22. Rdc1 Rxc1 ({But not} 22... Bxb5 23. axb5 Rxc1 24. Bxc1 $14) 23. Rxc1 Rxc1 24. Bxc1 Bb7 25. Bd2 a5 ({Don't play} 25... a6 26. Bxb4 Bxb4 27. Qxb4 axb5 28. a5 $16 (28. Qe7 Nf8 $14)) 26. Qc2 Qc6 27. Qxc6 Bxc6 28. b3 Kf7 29. Be2 Nf6 30. Bc1 {[%emt 0:01:25] Weighted Error Value: White=0.05 (flawless) /Black=0.02 (flawless)} 1/2-1/2